 Dungeon Crawl Stone Soup version 0.21.0-36-ge3e1d5aaab (webtiles) character file.

114 Gargoyl the Skirmisher (level 4, -3/38 HPs)
             Began as a Centaur Abyssal Knight on Jan 30, 2018.
             Was a Believer of Lugonu.
             Killed by nerve-wracking pain
             ... invoked by an orc priest
              (7 damage)
             ... on level 3 of the Dungeon.
             The game lasted 00:04:04 (2399 turns).

Gargoyl the Skirmisher (Centaur Abyssal Knight)     Turns: 2399, Time: 00:04:05

Health: -3/38      AC: 10    Str: 15 (16) XL:     4   Next: 66%
Magic:  6/6        EV:  8    Int: 10 (11) God:    Lugonu [**....]
Gold:   215        SH:  0    Dex:  7 (8)  Spells: 3/3 levels left

rFire    + . .     SeeInvis .   a - +1 hand axe
rCold    + . .     Gourm    .   (no shield)
rNeg     + . .     Faith    .   d - +2 ring mail {rN+}
rPois    +         Spirit   .   (no helmet)
rElec    +         Reflect  .   e - +0 cloak
rCorr    +         Harm     .   o - +0 pair of gloves
MR       .....                  (no barding)
Stlth    ..........             (no amulet)
HPRegen  0.12/turn              (no ring)
MPRegen  0.10/turn              (no ring)

@: resistant, invisible, very quick
A: large, hooves 3, deformed body, speed 2, tough skin 3
a: Depart the Abyss, Bend Space, Renounce Religion


You were on level 3 of the Dungeon.
You worshipped Lugonu.
Lugonu was pleased with you.
You were hungry.

You visited 1 branch of the dungeon, and saw 3 of its levels.
You visited the Abyss 1 time.

You collected 215 gold pieces.

Inventory:

Hand Weapons
 a - a +1 hand axe (weapon)
Missiles
 l - 3 javelins (quivered)
Armour
 d - a +2 ring mail of positive energy (worn)
 e - a +0 cloak (worn)
 o - a +0 pair of gloves (worn)
Scrolls
 b - a scroll of teleportation {unknown}
 f - 2 scrolls of fog
 k - 2 scrolls of remove curse
Potions
 h - a potion of degeneration
 i - a potion of lignification {unknown}
 j - a potion of flight {unknown}
 m - a potion of might {unknown}
 q - a potion of curing {unknown}
Comestibles
 c - 6 rations


   Skills:
 + Level 3.4 Fighting
 + Level 2.6 Axes
 * Level 2.3 Armour
 + Level 1.2 Dodging
 * Level 2.8 Invocations


You had 3 spell levels left.
You didn't know any spells.

Dungeon Overview and Level Annotations

Branches:
Dungeon (3/15)

Altars:
Xom


Innate Abilities, Weirdness & Mutations

You have hooves in place of feet.
Armour fits poorly on your strangely shaped body.
You cover ground very quickly.
You have extremely tough skin. (AC +3)


Message History

The orc priest is heavily wounded.
You barely miss the orc. The orc closely misses you.
The orc priest hits you but does no damage.
Unknown command.
It was a potion of degeneration.
There was something very wrong with that liquid.
You feel weakened.
You feel dopey.
You feel clumsy. The orc hits you with a flail.
* * * LOW HITPOINT WARNING * * *
The orc priest hits you but does no damage.
Unknown command.
You feel protected.
The orc priest hits you with a short sword.
* * * LOW HITPOINT WARNING * * *
The orc hits you but does no damage.
It was a potion of invisibility.
You fade into invisibility!
The orc priest invokes the aid of Beogh against you.
Pain shoots through your body!
You die...

#.# #.# #.# #.#
#.####.#### #
...........#####.##
...................
...###...........>.
.. #..##...###.#.
#.o##.........
#.o@........#.
#?....###...#####
...... .....# .###.
###...# #...# .....
...... ......#.


You could see an orc priest and an orc.

Vanquished Creatures
  An orc wizard (D:3)
  3 adders (D:2)
  An ooze (D:2)
  3 worms
  4 leopard geckos
  2 orcs (D:3)
  2 giant cockroaches (D:2)
  4 goblins
  3 hobgoblins (D:2)
  4 jackals (D:2)
  4 kobolds
  5 bats
  5 frilled lizards
  3 rats
44 creatures vanquished.

Notes
Turn   | Place    | Note
-------+----------+-------------------------------------------
     0 | Abyss:1  | Gargoyl the Centaur Abyssal Knight began the quest for the Orb.
     0 | Abyss:1  | Reached XP level 1. HP: 19/19 MP: 2/2
    85 | Abyss:2  | Noticed a large abomination
   100 | Abyss:2  | Noticed a worldbinder
   102 | Abyss:2  | Found a corrupted altar of Lugonu.
   117 | Abyss:3  | Noticed a large abomination
   190 | Abyss:3  | Noticed an iron imp
   193 | Abyss:3  | Noticed a starcursed mass
   194 | D:1      | Escaped the Abyss
   635 | D:1      | Reached XP level 2. HP: 24/26 MP: 3/3
   660 | D:1      | Reached * piety under Lugonu
  1459 | D:2      | Reached skill level 1 in Dodging
  1496 | D:2      | Reached XP level 3. HP: 20/31 MP: 4/4
  1792 | D:2      | Found a shimmering altar of Xom.
  2001 | D:2      | Reached XP level 4. HP: 36/38 MP: 5/5
  2390 | D:3      | Reached ** piety under Lugonu
  2399 | D:3      | Killed from afar by an orc priest

Skill      XL: |  1  2  3 |
---------------+----------+-----
Axes           | 2 |  2.6
Dodging        | 1 |  1.2
Armour         | 2 |  2.3
Fighting       | |  3.4
Invocations    | |  2.8

Action                   |  1- 3 |  4- 6 || total
-------------------------+-------+-------++-------
Melee: Hand axe          |   119 |    44 ||   163
       Kick              |     8 |    13 ||    21
Invok: Depart the Abyss  |     1 |       ||     1
  Use: Scroll            |     3 |     3 ||     6
       Potion            |     1 |     3 ||     4
  Eat: Chunk             |     2 |     1 ||     3
Armor: Ring mail         |    87 |    25 ||   112
Dodge: Dodged            |    66 |    17 ||    83
